AoeStats
← Ethan

MegaRandom

510544953Analyzed
2v2 RM · 1d ago on Oct 1, 2026· 59m 41s· 4 players
Game mode
Random Map
Map size
Medium (4 player)
Population
200
Speed
Normal
Resources
Standard
Victory
Conquest
Starting age
Dark Age
Ending age
Imperial Age
RankedLock teamsTeams togetherTeam positionsShared explorationLock speedFull tech treeHidden civsTurbo modeCheats
Victory
Defeat
🇨🇳 Teutons · China
1244
+14
🇦🇺 Koreans · Australia
1181
+16
🇺🇸 Saxons · United States
1202
-15
🇺🇸 Mongols · United States
1183
-15
Turtletamer11
0:36 Loom
10:50 Feudal Age
11:11 Feudal Age
15:38 Castle Age
13:27 Double-Bit Axe
14:23 Horse Collar
23:19 Wheelbarrow
23:53 Gold Mining
25:20 Hand Cart
25:17 Heavy Plow
25:41 Bow Saw
25:56 Forging
27:54 Gold Shaft Mining
32:34 Imperial Age
31:07 Stone Mining
31:44 Squires
31:30 Arson
31:31 Gambesons
32:25 Scale Mail Armor
33:00 Iron Casting
33:55 Elite Varangian Guard
34:55 Chain Mail Armor
35:46 Hoardings
37:53 Plate Mail Armor
39:26 Conscription
42:06 Elite Hearth Troop
42:08 Shield Wall
42:22 Shield Wall
45:47 Pikeman
46:24 Halberdier
57:12 Man-at-Arms
king_espo
0:34 Loom
8:49 Feudal Age
12:14 Double-Bit Axe
12:38 Scale Barding Armor
15:40 Wheelbarrow
15:47 Horse Collar
20:11 Castle Age
19:25 Fletching
20:04 Bloodlines
21:06 Bodkin Arrow
21:22 Husbandry
27:27 Hand Cart
29:47 Stone Mining
29:49 Gold Mining
31:28 Forging
31:38 Town Watch
34:56 Imperial Age
33:33 Ballistics
33:57 Padded Archer Armor
34:34 Iron Casting
35:44 Thumb Ring
36:51 Parthian Tactics
37:32 Chemistry
37:01 Bracer
39:16 Heavy Scorpion
40:33 Drill
41:29 Heavy Cavalry Archer
43:36 Light Cavalry
44:44 Chain Barding Armor
45:24 Blast Furnace
44:40 Leather Archer Armor
45:26 Hussar
49:00 Murder Holes
48:49 Hussar
Ethan
0:43 Loom
11:29 Feudal Age
12:00 Double-Bit Axe
11:59 Horse Collar
14:55 Wheelbarrow
18:18 Castle Age
17:01 Gold Mining
21:22 Bow Saw
21:21 Heavy Plow
28:30 Hand Cart
29:24 Forging
29:19 Scale Barding Armor
32:25 Imperial Age
30:11 Town Watch
30:30 Stone Mining
31:41 Town Patrol
32:42 Iron Casting
32:59 Bloodlines
34:26 Chemistry
32:57 Cavalier
34:48 Blast Furnace
34:09 Chain Barding Armor
35:49 Scale Mail Armor
37:18 Plate Barding Armor
37:05 Padded Archer Armor
37:37 Bombard Tower
37:37 Ballistics
37:51 Squires
38:50 Paladin
41:42 Chain Mail Armor
41:14 Paladin
51:21 Plate Mail Armor
52:08 Fletching
52:24 Elite Teutonic Knight
53:25 Conscription
53:31 Conscription
53:24 Capped Ram
56:00 Bodkin Arrow
56:20 Masonry
56:06 Guard Tower
58:53 Coinage
58:33 Guilds
58:26 Caravan
58:22 Arson
democracy manifest
8:10 Loom
10:26 Feudal Age
15:50 Castle Age
14:11 Double-Bit Axe
15:45 Gold Mining
15:47 Fletching
20:30 Horse Collar
21:13 Bow Saw
22:19 Wheelbarrow
24:19 Heavy Plow
25:44 Thumb Ring
26:21 Crossbowman
28:05 Gold Shaft Mining
29:02 Hand Cart
28:33 Town Watch
31:34 Bodkin Arrow
31:34 Stone Mining
32:18 Eupseong
35:52 Imperial Age
35:03 Stone Shaft Mining
34:26 Pikeman
35:06 Squires
34:52 Arson
36:04 Ballistics
35:54 Masonry
35:41 Murder Holes
35:27 Treadmill Crane
36:00 Forging
35:50 Scale Mail Armor
35:57 Arbalester
36:02 Halberdier
38:19 Chemistry
37:18 Murder Holes
37:05 Treadmill Crane
37:34 Siege Engineers
39:37 Bracer
40:13 Iron Casting
39:53 Chain Mail Armor
40:45 Two-Man Saw
49:22 Elite Fire Lancer
51:03 Capped Ram
56:28 Plate Mail Armor
58:22 Guilds
60:12 Architecture
60:09 Town Patrol
Connection lost

Rejoining the realm…

Still unreachable

The connection could not be restored.

Session expired

The server has moved on; the page needs a fresh start.